[Event "ICC tourney 2416 (40 10)"]
[Site "Internet Chess Club"]
[Date "2021.02.28"]
[Round "2"]
[White "LIAO, CONNOR:che2468"]
[Black "THOMAS, MICHAEL G:chesslin"]
[Result "0-1"]
[ICCResult "White checkmated"]
[WhiteElo "1465"]
[BlackElo "1788"]
[Opening "Robatsch (modern) defense"]
[ECO "A40"]
[NIC "QO.17"]
[Time "13:17:03"]
[PlyCount "58"]
[TimeControl "2400+10"]

1. d4 g6 2. Nc3 Bg7 3. e4 d6 4. Bg5 a6 5. Qd2 Nc6 6. Nf3 Bg4 7. d5 Nb8 8.
Bd3 c6 9. Bc4 b5 10. Bb3 h6 11. Bh4 c5 12. a4 Qa5 13. O-O b4 14. Ne2 Nd7
15. Qf4 Bxf3 16. Qxf3 Bxb2 17. Rab1 Bg7 18. Rfc1 Ne5 19. Qe3 c4 20. Nd4
cxb3 21. cxb3 Nf6 22. f4 Neg4 23. Qd3 h5 24. Nc6 Qb6+ 25. Kh1 Nf2+ 26. Bxf2
Qxf2 27. e5 Ng4 28. exd6 Qxf4 29. Rf1 Qxh2# { White checkmated } 0-1

[Event "ICC tourney 2416 (40 10)"]
[Site "Internet Chess Club"]
[Date "2021.02.28"]
[Round "2"]
[White "KONG, MILO JAMES:therealkingkong"]
[Black "SASSON, IVRY:IvSa"]
[Result "0-1"]
[ICCResult "White checkmated"]
[WhiteElo "1570"]
[BlackElo "1649"]
[Opening "Ruy Lopez: Berlin defense, 4.O-O"]
[ECO "C65"]
[NIC "RL.07"]
[Time "13:16:36"]
[PlyCount "86"]
[TimeControl "2400+10"]

1. e4 e5 2. Nf3 Nc6 3. Bb5 Nf6 4. O-O a6 5. Bxc6 dxc6 6. Nxe5 Nxe4 7. Re1
Qd4 8. Qf3 f5 9. Nxc6 bxc6 10. d3 Be7 11. dxe4 O-O 12. Nc3 fxe4 13. Rxe4
Rxf3 14. Rxd4 Bf6 15. Rf4 Rxf4 16. Bxf4 Rb8 17. Na4 Rb4 18. Bxc7 Rxa4 19.
c3 Be6 20. a3 Re4 21. f3 Re2 22. Rd1 Rxb2 23. Ba5 Rb5 24. Rd6 Rxa5 25. Rxe6
Rc5 26. Re8+ Kf7 27. Ra8 a5 28. Ra7+ Ke6 29. Ra8 Bxc3 30. Kf2 Bb2 31. Ra7
Rd5 32. Rc7 Kd6 33. Rf7 Bf6 34. Ra7 Bd4+ 35. Ke2 Bxa7 36. a4 c5 37. f4 c4
38. f5 c3 39. f6 gxf6 40. g3 c2 41. h4 c1=Q 42. Kf3 Qf1+ 43. Kg4 Qf5# {
White checkmated } 0-1

[Event "ICC tourney 2416 (40 10)"]
[Site "Internet Chess Club"]
[Date "2021.02.28"]
[Round "2"]
[White "YUAN, SERENA:doudou2011"]
[Black "JONES, RICHARD S:weakfish"]
[Result "0-1"]
[ICCResult "White resigns"]
[WhiteElo "1505"]
[BlackElo "1567"]
[Opening "QGD Slav: 3.Nf3"]
[ECO "D11"]
[NIC "QP.08"]
[Time "13:17:12"]
[PlyCount "76"]
[TimeControl "2400+10"]

1. d4 d5 2. Nf3 c6 3. c4 Nf6 4. Qc2 g6 5. Bf4 Bf5 6. Qb3 Qb6 7. c5 Qxb3 8.
axb3 Bxb1 9. Rxb1 Bg7 10. e3 Nbd7 11. Bd3 O-O 12. b4 Nh5 13. Bg3 Nxg3 14.
hxg3 e5 15. dxe5 Nxe5 16. Nxe5 Bxe5 17. Rh4 Rfe8 18. Kd2 Rad8 19. Kc2 Bf6
20. Rh3 Kg7 21. Ra1 a6 22. Rah1 Rh8 23. Kb3 Rb8 24. Ra1 Rbe8 25. Rah1 Ra8
26. Ra1 Be7 27. Ra5 Rhb8 28. Kc3 b6 29. Rxa6 Rxa6 30. Bxa6 bxc5 31. bxc5
Bf6+ 32. Kd2 Rxb2+ 33. Ke1 Be7 34. Bd3 Bxc5 35. Rh4 Bb4+ 36. Kd1 c5 37. Rf4
Rd2+ 38. Kc1 Rxd3 { White resigns } 0-1

[Event "ICC tourney 2416 (40 10)"]
[Site "Internet Chess Club"]
[Date "2021.02.28"]
[Round "2"]
[White "GILLSTON, NOAH:Noahchess328"]
[Black "KYPRIOTAKIS, KYRIAKOS:Kyriakos1301"]
[Result "1-0"]
[ICCResult "Black resigns"]
[WhiteElo "1615"]
[BlackElo "1550"]
[Opening "Sicilian: Smith-Morra gambit"]
[ECO "B21"]
[NIC "SI.48"]
[Time "13:16:42"]
[PlyCount "115"]
[TimeControl "2400+10"]

1. e4 c5 2. d4 cxd4 3. c3 d5 4. exd5 Qxd5 5. Qxd4 Qxd4 6. cxd4 a6 7. Nc3
Nf6 8. Nf3 Nc6 9. Bc4 Bf5 10. O-O e6 11. Re1 Nb4 12. Bb3 Bc2 13. Re2 Bxb3
14. axb3 Be7 15. Na4 Nfd5 16. Nc3 O-O 17. Ra5 Rac8 18. Bd2 Rfd8 19. Ne5 Nf6
20. Be3 Nc6 21. Ra4 Nd7 22. Nxc6 Rxc6 23. d5 Rd6 24. Bf4 e5 25. Bxe5 Nxe5
26. Rxe5 Bf6 27. Rf5 Bxc3 28. bxc3 Rxd5 29. Rxd5 Rxd5 30. Kf1 Kf8 31. Rc4
Ke7 32. Ke2 Kd7 33. Ke3 Re5+ 34. Kd3 Rd5+ 35. Ke3 a5 36. Rg4 g6 37. Rf4 Ke6
38. Rc4 Re5+ 39. Kd3 Rd5+ 40. Ke3 b5 41. Rc6+ Rd6 42. Rc8 a4 43. bxa4 bxa4
44. Ra8 Rc6 45. Kd3 Rd6+ 46. Kc2 Kd5 47. Rxa4 Re6 48. Kd2 Rf6 49. f3 Rc6
50. Kd3 h5 51. Rf4 f5 52. Rd4+ Ke5 53. Rd8 Rd6+ 54. Rxd6 Kxd6 55. Kd4 g5
56. c4 h4 57. c5+ Ke6 58. h3 { Black resigns } 1-0

[Event "ICC tourney 2416 (40 10)"]
[Site "Internet Chess Club"]
[Date "2021.02.28"]
[Round "2"]
[White "MISRA, PRAGYAN:SoaringHawk24"]
[Black "MOERLIEN, PUWIT SKY:SuperBlueSky"]
[Result "1-0"]
[ICCResult "Black checkmated"]
[WhiteElo "1441"]
[BlackElo "1585"]
[Opening "Giuoco Piano: Möller (Therkatz) attack"]
[ECO "C54"]
[NIC "IG.02"]
[Time "13:16:32"]
[PlyCount "143"]
[TimeControl "2400+10"]

1. e4 e5 2. Nf3 Nc6 3. Bc4 Bc5 4. c3 Nf6 5. d4 exd4 6. cxd4 Bb4+ 7. Nc3
Nxe4 8. O-O Bxc3 9. d5 Ba5 10. dxc6 bxc6 11. Ne5 O-O 12. Qf3 Nf6 13. Bg5
Bb4 14. Nxf7 Rxf7 15. Bxf7+ Kxf7 16. Qb3+ d5 17. Qxb4 Bd7 18. Qc3 Qe7 19.
Rfe1 Qd6 20. Bxf6 Qxf6 21. Qxf6+ Kxf6 22. h3 Rb8 23. Re2 Re8 24. Rxe8 Bxe8
25. Re1 Bg6 26. Re3 d4 27. Ra3 Bc2 28. Kf1 a6 29. Ke2 Be4 30. f3 Bd5 31.
Kd3 Ke5 32. Rxa6 c5 33. Kd2 c4 34. a4 g6 35. Ra7 Kd6 36. Ra6+ Ke5 37. Ra5
Kd6 38. Rb5 Bc6 39. Rb8 Bxa4 40. Rh8 h5 41. Rg8 Kc5 42. Rxg6 Kb4 43. Rg8
Bb5 44. Rb8 c6 45. g4 hxg4 46. fxg4 Kb3 47. Kc1 d3 48. Rd8 c3 49. bxc3 Kxc3
50. g5 Bc4 51. h4 Bf7 52. Rd6 c5 53. g6 d2+ 54. Rxd2 Bxg6 55. Rd6 Bf7 56.
Rd7 Bg6 57. Rd5 Kc4 58. Rg5 Be4 59. h5 Kd4 60. Rg4 Ke5 61. Rxe4+ Kf6 62.
Rc4 Kg7 63. Rxc5 Kh6 64. Rc6+ Kh7 65. Kd2 Kg7 66. Ke3 Kh7 67. Kf4 Kg7 68.
Kg5 Kh7 69. h6 Kg8 70. Rc7 Kh8 71. Kg6 Kg8 72. Rc8# { Black checkmated }
1-0

[Event "ICC tourney 2416 (40 10)"]
[Site "Internet Chess Club"]
[Date "2021.02.28"]
[Round "2"]
[White "SAXENA, VIHAAN:vihaan2011"]
[Black "LIAO, CAITLIN:che8642"]
[Result "0-1"]
[ICCResult "White forfeits on time"]
[WhiteElo "1334"]
[BlackElo "1548"]
[Opening "Sicilian: Kan, 5.Nc3"]
[ECO "B43"]
[NIC "SI.41"]
[Time "13:16:34"]
[PlyCount "116"]
[TimeControl "2400+10"]

1. e4 c5 2. Nf3 e6 3. d4 cxd4 4. Nxd4 a6 5. Nc3 b5 6. a3 Bb7 7. f3 d6 8.
Be3 Nf6 9. Be2 Nbd7 10. b4 Rc8 11. Qd2 Qc7 12. Nb1 Be7 13. Bd3 O-O 14. O-O
h6 15. Ne2 d5 16. exd5 Nxd5 17. Rc1 Nxe3 18. Qxe3 Bf6 19. c3 Ne5 20. Nd2
Nxd3 21. Qxd3 Rfd8 22. Qc2 Qb6+ 23. Kh1 Rd7 24. Ne4 Bxe4 25. fxe4 Qe3 26.
Rd1 Rcd8 27. Rxd7 Rxd7 28. Nd4 Bxd4 29. cxd4 Qxd4 30. Rc1 Rd8 31. h3 Qd3
32. Qc7 Rf8 33. Qa5 Qd2 34. Qc7 Qe3 35. Qc6 Qxa3 36. Qc5 Qa4 37. Kh2 a5 38.
bxa5 Qxa5 39. Qe3 b4 40. Rb1 Rc8 41. Qe1 Rc4 42. Kh1 Qa3 43. Qe2 Qc3 44.
Qe1 Qxe1+ 45. Rxe1 b3 46. Rb1 Rb4 47. Kg1 b2 48. Kf2 Kh7 49. Ke3 Kg6 50. g4
Kg5 51. Kd3 Kh4 52. Kc3 Rb7 53. Rxb2 Rxb2 54. Kxb2 Kxh3 55. Kc3 Kxg4 56.
Kd3 h5 57. Ke3 Kg3 58. Ke2 Kg2 { White forfeits on time } 0-1

[Event "ICC tourney 2416 (40 10)"]
[Site "Internet Chess Club"]
[Date "2021.02.28"]
[Round "2"]
[White "RAJU, YAKSHWAG REDDY:Yakshwag"]
[Black "Jang, Jia-Syuan Eric:tricksterssbu"]
[Result "0-1"]
[ICCResult "White checkmated"]
[WhiteElo "1382"]
[BlackElo "1585"]
[Opening "Pirc: classical (two knights) system"]
[ECO "B07"]
[NIC "PU.10"]
[Time "13:17:12"]
[PlyCount "100"]
[TimeControl "2400+10"]

1. e4 d6 2. d4 g6 3. Nc3 Bg7 4. Nf3 Nf6 5. Bd3 O-O 6. h3 Nbd7 7. O-O c5 8.
d5 a6 9. a4 e6 10. dxe6 fxe6 11. Bf4 Nxe4 12. Bxe4 Rxf4 13. Qxd6 Qf6 14.
Rfe1 Ne5 15. Nxe5 Qxe5 16. Qxe5 Bxe5 17. Bxb7 Bxc3 18. Bxa8 Bxe1 19. Rxe1
Rxa4 20. Rd1 Rd4 21. Rxd4 cxd4 22. f4 Kg7 23. Kf2 Kf6 24. Kf3 e5 25. g4 h5
26. Be4 exf4 27. Kxf4 g5+ 28. Kf3 hxg4+ 29. hxg4 Ke5 30. Bd3 Bb7+ 31. Kg3
a5 32. b3 Be4 33. Bxe4 Kxe4 34. Kf2 Kf4 35. Ke2 Kxg4 36. Kd3 Kf3 37. Kxd4
g4 38. Kc4 g3 39. Kb5 g2 40. Kxa5 g1=Q 41. c4 Ke4 42. b4 Qa1+ 43. Kb5 Kd4
44. c5 Qa7 45. Kc6 Qa6+ 46. Kc7 Kd5 47. Kd8 Kc6 48. b5+ Qxb5 49. Kc8 Qb7+
50. Kd8 Qd7# { White checkmated } 0-1

[Event "ICC tourney 2416 (40 10)"]
[Site "Internet Chess Club"]
[Date "2021.02.28"]
[Round "2"]
[White "Rodriguez, Eduardo A:EduardoNASA"]
[Black "SULTAN, BASHIR CISSE:muzikmixer"]
[Result "1-0"]
[ICCResult "Black resigns"]
[WhiteElo "1807"]
[BlackElo "1579"]
[Opening "Pirc: Ufimtsev-Pytel variation"]
[ECO "B07"]
[NIC "PU.08"]
[Time "13:16:30"]
[PlyCount "107"]
[TimeControl "2400+10"]

1. e4 d6 2. d4 Nf6 3. Nc3 c6 4. f4 Qa5 5. Bd3 e5 6. Nf3 exd4 7. Nxd4 Qb6 8.
Nb3 a5 9. h3 a4 10. Nd2 Qe3+ 11. Ne2 d5 12. Nc4 Qa7 13. Be3 Bc5 14. Nd6+
Ke7 15. Bxc5 Qxc5 16. e5 Ne4 17. Bxe4 dxe4 18. Qd2 a3 19. b4 Qd5 20. Nd4
Rd8 21. c4 e3 22. Qxe3 Qxg2 23. Rg1 Qb2 24. Nxc8+ Kf8 25. Nb3 Rxc8 26. Qg3
g6 27. Rg2 Nd7 28. Rxb2 axb2 29. Rb1 Rxa2 30. Qd3 Nb6 31. Nc5 Ra1 32. Ke2
Rxb1 33. Qxb1 Nxc4 34. Nd3 Re8 35. Nxb2 Nxb2 36. Qxb2 Rd8 37. Ke3 Ke7 38.
Qc2 Rd7 39. Qc5+ Ke8 40. Ke4 h5 41. f5 g5 42. e6 fxe6 43. fxe6 Rd6 44. Qxg5
Rxe6+ 45. Kf4 Kd7 46. Qxh5 b5 47. h4 Kd6 48. Qf7 Re7 49. Qf8 Ke6 50. Qf5+
Kd6 51. h5 Kc7 52. h6 Kd8 53. h7 Rxh7 54. Qxh7 { Black resigns } 1-0

[Event "ICC tourney 2416 (40 10)"]
[Site "Internet Chess Club"]
[Date "2021.02.28"]
[Round "2"]
[White "GAUDEAU, ALAIN D H:attalone"]
[Black "XU, ANDY YUEDUO:sillytiger"]
[Result "0-1"]
[ICCResult "White resigns"]
[WhiteElo "1650"]
[BlackElo "1463"]
[Opening "Dutch defense"]
[ECO "A84"]
[NIC "HD.10"]
[Time "13:16:27"]
[PlyCount "100"]
[TimeControl "2400+10"]

1. d4 f5 2. c4 g6 3. Nc3 Nf6 4. e3 Bg7 5. Bd3 O-O 6. Nge2 d6 7. O-O e5 8.
d5 e4 9. Bc2 a5 10. a4 Na6 11. b3 Nc5 12. Ba3 b6 13. Rb1 Nfd7 14. Nb5 Ne5
15. Nf4 Qg5 16. Kh1 Qe7 17. Nd4 g5 18. Nfe2 Ng6 19. Nc6 Qe8 20. Bb2 Ne5 21.
Ned4 Nxc6 22. Nxc6 f4 23. Bxg7 Kxg7 24. Qd4+ Kg8 25. Rbe1 f3 26. g3 Bh3 27.
Kg1 Qd7 28. Bxe4 Nxe4 29. Qxe4 Bxf1 30. Qe6+ Qxe6 31. dxe6 Bh3 32. Nd4 Rfe8
33. Nxf3 Bxe6 34. Nxg5 d5 35. Rd1 dxc4 36. bxc4 Bxc4 37. Rd7 Bb3 38. Rxc7
h6 39. Nf3 Bxa4 40. Nh4 Rac8 41. Rxc8 Rxc8 42. Nf5 Kh7 43. Kg2 b5 44. h4 b4
45. Nd4 b3 46. Nxb3 Bxb3 47. g4 a4 48. Kg3 a3 49. g5 a2 50. gxh6 a1=Q {
White resigns } 0-1

[Event "ICC tourney 2416 (40 10)"]
[Site "Internet Chess Club"]
[Date "2021.02.28"]
[Round "2"]
[White "Kashyap, Manish B:mnm2"]
[Black "TIONG, RACHAEL:rachael1120"]
[Result "1/2-1/2"]
[ICCResult "Game drawn because neither player has mating material"]
[WhiteElo "1545"]
[BlackElo "1634"]
[Opening "Sicilian: accelerated fianchetto, Maróczy bind, 6.Be3"]
[ECO "B38"]
[NIC "SI.33"]
[Time "13:16:50"]
[PlyCount "122"]
[TimeControl "2400+10"]

1. e4 c5 2. Nf3 Nc6 3. d4 cxd4 4. Nxd4 g6 5. Be3 Bg7 6. c4 Nf6 7. f3 O-O 8.
Be2 Qb6 9. Nxc6 Qxc6 10. Nc3 d6 11. O-O Be6 12. b3 Nh5 13. Rc1 a6 14. Nd5
Bxd5 15. cxd5 Qd7 16. a4 Rac8 17. Qd2 e6 18. dxe6 Qxe6 19. Bc4 Qd7 20. Rfd1
Rfd8 21. Bb6 Rf8 22. Qxd6 Qxd6 23. Rxd6 Nf6 24. Bd4 Nxe4 25. fxe4 Bxd4+ 26.
Rxd4 b5 27. Kf2 bxc4 28. Rcxc4 Kg7 29. Ke3 Rxc4 30. Rxc4 Rb8 31. b4 Kf6 32.
h4 h5 33. Kd4 Rd8+ 34. Kc3 Ke5 35. b5 axb5 36. axb5 Rb8 37. Kb4 f5 38. exf5
gxf5 39. g3 Rg8 40. Rc3 Kd4 41. Rf3 Ke4 42. Rc3 Kd4 43. b6 Rb8 44. Rc6 Ke4
45. Kb5 Kf3 46. Rc3+ Kg4 47. Ka6 Ra8+ 48. Kb7 Rg8 49. Ka7 f4 50. gxf4 Kxh4
51. b7 Kg4 52. b8=Q Rxb8 53. Kxb8 Kxf4 54. Kc7 h4 55. Kd6 Kg4 56. Rc4+ Kg3
57. Rc3+ Kg2 58. Rc2+ Kg3 59. Ke5 h3 60. Ke4 h2 61. Rxh2 Kxh2 { Game drawn
because neither player has mating material } 1/2-1/2

[Event "ICC tourney 2416 (40 10)"]
[Site "Internet Chess Club"]
[Date "2021.02.28"]
[Round "2"]
[White "RAMASWAMY, PUDUR:clair"]
[Black "Kashyap, Mahati B:mnm1"]
[Result "0-1"]
[ICCResult "White resigns"]
[WhiteElo "1723"]
[BlackElo "1501"]
[Opening "Queen's pawn, Mason variation"]
[ECO "D00"]
[NIC "QP.08"]
[Time "13:16:54"]
[PlyCount "104"]
[TimeControl "2400+10"]

1. d4 d5 2. Bf4 Bf5 3. e3 Nf6 4. c4 e6 5. Nc3 a6 6. Nf3 Bd6 7. Ne5 Nbd7 8.
Qb3 b6 9. cxd5 Nxd5 10. Nxd5 exd5 11. a3 Bxe5 12. dxe5 Nc5 13. Qc3 O-O 14.
Be2 Ne6 15. Bg3 c5 16. O-O d4 17. Qd2 b5 18. Rad1 Qe7 19. f4 Rad8 20. Bd3
dxe3 21. Qxe3 Bxd3 22. Rxd3 Rxd3 23. Qxd3 Rd8 24. Qe3 Nd4 25. f5 Qd7 26.
Qg5 Ne2+ 27. Kh1 Qd1 28. Be1 h6 29. Qe7 Nf4 30. Qxc5 Nd3 31. Qe3 Nxb2 32.
e6 f6 33. e7 Re8 34. Qe6+ Kh7 35. Qf7 Qd7 36. Bb4 Nd3 37. h3 Nxb4 38. axb4
Qxe7 39. Qd5 Qxb4 40. Kh2 Re1 41. Rf3 Qe7 42. Qd2 Qe5+ 43. Qf4 Qxf4+ 44.
Rxf4 a5 45. Rd4 Kg8 46. g4 Kf7 47. Rd7+ Re7 48. Rd5 Rb7 49. Kg3 a4 50. Rd8
b4 51. Ra8 b3 52. Rxa4 b2 { White resigns } 0-1

[Event "ICC tourney 2416 (40 10)"]
[Site "Internet Chess Club"]
[Date "2021.02.28"]
[Round "3"]
[White "LEWIS, FRANKLIN PHILLIP:Frankiechess11"]
[Black "ZHOU, ZIQI:zappower"]
[Result "0-1"]
[ICCResult "White resigns"]
[WhiteElo "1712"]
[BlackElo "1429"]
[Opening "Giuoco Piano"]
[ECO "C54"]
[NIC "IG.02"]
[Time "15:31:17"]
[PlyCount "106"]
[TimeControl "2400+10"]

1. e4 e5 2. Nf3 Nc6 3. Bc4 Bc5 4. c3 Nf6 5. d4 exd4 6. e5 d5 7. Bb5 Ne4 8.
cxd4 Bb6 9. Nc3 O-O 10. Be3 a6 11. Bxc6 bxc6 12. Nxe4 dxe4 13. Ng5 Bf5 14.
g4 Bg6 15. h4 f6 16. Ne6 Qd5 17. Nxf8 Rxf8 18. Qb3 fxe5 19. dxe5 Bxe3 20.
fxe3 Rf3 21. Qxd5+ cxd5 22. Ke2 Be8 23. a4 Kf7 24. Rhf1 Rxf1 25. Kxf1 Ke6
26. Rc1 c6 27. Rc5 Bd7 28. b4 Kxe5 29. Ra5 Bc8 30. b5 axb5 31. axb5 cxb5
32. Rxb5 Bxg4 33. Rb7 Kf6 34. Kf2 h5 35. Ke1 g5 36. Rb6+ Kf5 37. hxg5 Kxg5
38. Rd6 Kh4 39. Rxd5 Kg3 40. Kf1 Kf3 41. Kg1 Kxe3 42. Ra5 Kf3 43. Ra3+ e3
44. Kf1 h4 45. Ra2 h3 46. Rf2+ Kg3 47. Rf8 e2+ 48. Ke1 h2 49. Rh8 Kg2 50.
Rxh2+ Kxh2 51. Kf2 Bh5 52. Ke1 Kg2 53. Kd2 Kf2 { White resigns } 0-1

[Event "ICC tourney 2416 (40 10)"]
[Site "Internet Chess Club"]
[Date "2021.02.28"]
[Round "3"]
[White "XU, ANDY YUEDUO:sillytiger"]
[Black "RAMASWAMY, PUDUR:clair"]
[Result "0-1"]
[ICCResult "White resigns"]
[WhiteElo "1463"]
[BlackElo "1723"]
[Opening "English opening"]
[ECO "A10"]
[NIC "EO.64"]
[Time "15:31:16"]
[PlyCount "38"]
[TimeControl "2400+10"]

1. c4 g6 2. Nc3 Bg7 3. d4 e6 4. e4 Ne7 5. Nf3 d5 6. e5 O-O 7. Be3 c5 8.
dxc5 Nbc6 9. Bd4 dxc4 10. Bxc4 Nf5 11. Nb5 Nfxd4 12. Nfxd4 Nxe5 13. Be2 a6
14. Nd6 Qa5+ 15. Qd2 Qxc5 16. Ne4 Qb6 17. O-O Rd8 18. Rfd1 Rxd4 19. Qxd4
Nf3+ { White resigns } 0-1

[Event "ICC tourney 2416 (40 10)"]
[Site "Internet Chess Club"]
[Date "2021.02.28"]
[Round "3"]
[White "WU, JONATHAN ZUANXU:wulovechess"]
[Black "SAXENA, VIHAAN:vihaan2011"]
[Result "1/2-1/2"]
[ICCResult "Game drawn by mutual agreement"]
[WhiteElo "1542"]
[BlackElo "1334"]
[Opening "Two knights defense"]
[ECO "C55"]
[NIC "KP.02"]
[Time "15:31:23"]
[PlyCount "40"]
[TimeControl "2400+10"]

1. e4 e5 2. Nf3 Nc6 3. Bc4 Nf6 4. d4 exd4 5. O-O d6 6. Nxd4 Nxd4 7. Qxd4
Be7 8. Nc3 O-O 9. Be3 c5 10. Qd2 Be6 11. Bb3 a6 12. Nd5 Nxe4 13. Nxe7+ Qxe7
14. Qd3 Bxb3 15. axb3 Nf6 16. Rfe1 Qc7 17. Bg5 Ng4 18. Qg3 f6 19. Qxg4 fxg5
20. Qxg5 Qf7 { Game drawn by mutual agreement } 1/2-1/2

[Event "ICC tourney 2416 (40 10)"]
[Site "Internet Chess Club"]
[Date "2021.02.28"]
[Round "3"]
[White "KYPRIOTAKIS, KYRIAKOS:Kyriakos1301"]
[Black "PEYTON, NATHAN MAX:ToughTurtle"]
[Result "0-1"]
[ICCResult "White checkmated"]
[WhiteElo "1550"]
[BlackElo "1506"]
[Opening "Queen's pawn game"]
[ECO "D04"]
[NIC "QP.08"]
[Time "15:31:14"]
[PlyCount "76"]
[TimeControl "2400+10"]

1. d4 d5 2. Nf3 Nf6 3. e3 c5 4. b3 Nc6 5. Bb2 e6 6. Bd3 a6 7. Nbd2 Nb4 8.
Be2 Qc7 9. a3 Nc6 10. O-O cxd4 11. exd4 Bd6 12. h3 O-O 13. Re1 Ne7 14. Ne5
Nf5 15. Ndf3 Nd7 16. Rc1 Nxe5 17. Nxe5 Bxe5 18. dxe5 Ne7 19. Bd3 b6 20. c4
Qd7 21. cxd5 Nxd5 22. Be4 Bb7 23. Bxh7+ Kxh7 24. Qh5+ Kg8 25. Re4 Rfc8 26.
Rd1 Qc6 27. Rh4 Kf8 28. Qh8+ Ke7 29. Qxg7 Rg8 30. Qh6 Rxg2+ 31. Kf1 Rag8
32. Rg4 R2xg4 33. hxg4 Rxg4 34. a4 a5 35. Ba3+ Kd7 36. Qh5 Ba6+ 37. Ke1
Re4+ 38. Kd2 Qc3# { White checkmated } 0-1

[Event "ICC tourney 2416 (40 10)"]
[Site "Internet Chess Club"]
[Date "2021.02.28"]
[Round "3"]
[White "Kashyap, Mahati B:mnm1"]
[Black "Rodriguez, Eduardo A:EduardoNASA"]
[Result "1-0"]
[ICCResult "Black checkmated"]
[WhiteElo "1501"]
[BlackElo "1807"]
[Opening "Pirc: Holmov system"]
[ECO "B07"]
[NIC "PU.07"]
[Time "15:31:15"]
[PlyCount "85"]
[TimeControl "2400+10"]

1. e4 d6 2. d4 Nf6 3. Nc3 g6 4. Bc4 Bg7 5. Nf3 O-O 6. Bg5 Bg4 7. h3 Bxf3 8.
Qxf3 Nc6 9. Rd1 e5 10. Nd5 Nxd4 11. Rxd4 exd4 12. Nxf6+ Kh8 13. Nxh7 f6 14.
Nxf8 Qxf8 15. Bd2 Re8 16. O-O c6 17. Re1 Re5 18. Qg3 Qe8 19. f3 a5 20. a4
Kh7 21. f4 Rc5 22. Bb3 Bh6 23. Qh4 g5 24. fxg5 fxg5 25. Qf2 Qe5 26. Qf7+
Bg7 27. c3 g4 28. hxg4 Qg3 29. cxd4 Rg5 30. Qg8+ Kh6 31. Bxg5+ Kxg5 32.
Qxg7+ Kf4 33. Rf1+ Kxe4 34. Qe7+ Kxd4 35. Rd1+ Kc5 36. Qg5+ Kb6 37. Qd8+
Ka6 38. Bc4+ b5 39. axb5+ cxb5 40. Rxd6+ Kb7 41. Qe7+ Ka8 42. Rd8+ Qb8 43.
Bd5# { Black checkmated } 1-0

[Event "ICC tourney 2416 (40 10)"]
[Site "Internet Chess Club"]
[Date "2021.02.28"]
[Round "3"]
[White "Jang, Jia-Syuan Eric:tricksterssbu"]
[Black "GILLSTON, NOAH:Noahchess328"]
[Result "1-0"]
[ICCResult "Black checkmated"]
[WhiteElo "1585"]
[BlackElo "1615"]
[Opening "French: Tarrasch, closed variation"]
[ECO "C05"]
[NIC "FR.16"]
[Time "15:31:26"]
[PlyCount "53"]
[TimeControl "2400+10"]

1. e4 e6 2. d4 d5 3. Nd2 Nf6 4. e5 Nfd7 5. c3 c5 6. f4 Nc6 7. Ngf3 Be7 8.
Be2 O-O 9. O-O b6 10. Nb3 Bb7 11. Be3 Rc8 12. Rc1 cxd4 13. Nfxd4 Nxd4 14.
Nxd4 Nc5 15. Bd3 Qd7 16. Bc2 Ba6 17. Rf3 Bc4 18. Bxh7+ Kh8 19. Rh3 g6 20.
Bxg6+ Kg7 21. Rh7+ Kg8 22. Qg4 Bg5 23. Qxg5 f6 24. Bf7+ Kxh7 25. Qh5+ Kg7
26. Qg6+ Kh8 27. Qh6# { Black checkmated } 1-0

[Event "ICC tourney 2416 (40 10)"]
[Site "Internet Chess Club"]
[Date "2021.02.28"]
[Round "3"]
[White "SULTAN, BASHIR CISSE:muzikmixer"]
[Black "RAJU, YAKSHWAG REDDY:Yakshwag"]
[Result "0-1"]
[ICCResult "White resigns"]
[WhiteElo "1579"]
[BlackElo "1382"]
[Opening "English opening"]
[ECO "A10"]
[NIC "EO.64"]
[Time "15:31:11"]
[PlyCount "60"]
[TimeControl "2400+10"]

1. c4 g6 2. Nc3 Bg7 3. e4 d6 4. g3 Nf6 5. d3 O-O 6. Bg2 Nc6 7. Nge2 e5 8.
O-O Be6 9. h3 Qd7 10. Kh2 Rad8 11. Be3 a6 12. Nd5 Bxd5 13. cxd5 Ne7 14. d4
c6 15. dxe5 dxe5 16. dxc6 Qxc6 17. Qc1 Rfe8 18. Nc3 Nc8 19. Bg5 Nb6 20. b3
Rc8 21. Bxf6 Qxf6 22. Qe3 Rc6 23. Nd5 Nxd5 24. exd5 Rd6 25. Be4 Qd8 26. g4
Qd7 27. g5 f5 28. gxf6 Rxf6 29. Rad1 Rf4 30. f3 Rh4 { White resigns } 0-1

[Event "ICC tourney 2416 (40 10)"]
[Site "Internet Chess Club"]
[Date "2021.02.28"]
[Round "3"]
[White "LIAO, CAITLIN:che8642"]
[Black "Kannan, Aadhi M:niftyfountain"]
[Result "1-0"]
[ICCResult "Black checkmated"]
[WhiteElo "1548"]
[BlackElo "1330"]
[Opening "Queen's pawn: Chigorin variation"]
[ECO "D00"]
[NIC "QP.08"]
[Time "15:31:34"]
[PlyCount "63"]
[TimeControl "2400+10"]

1. d4 d5 2. Nc3 Nf6 3. Bf4 e6 4. a3 Bd6 5. Bg3 O-O 6. e3 c5 7. Nb5 Bxg3 8.
hxg3 cxd4 9. exd4 Nc6 10. Bd3 h6 11. Nf3 a6 12. Nc3 Qb6 13. Rb1 Bd7 14. Ne2
Rfe8 15. O-O Rac8 16. c3 Ne7 17. Ne5 Nc6 18. Nxd7 Nxd7 19. Nf4 Nf6 20. Re1
Qc7 21. Bc2 Qd6 22. Nd3 Nb8 23. Ne5 Nbd7 24. g4 g6 25. f4 Kg7 26. Qf3 h5
27. g5 Ng8 28. Re2 Red8 29. g4 Ne7 30. gxh5 gxh5 31. Qxh5 Rf8 32. Qh7# {
Black checkmated } 1-0

[Event "ICC tourney 2416 (40 10)"]
[Site "Internet Chess Club"]
[Date "2021.02.28"]
[Round "3"]
[White "HEBBAR, ESHAAN:solveur"]
[Black "BRAHMANAPALLY, SARVAGNYA:bsarvagnya"]
[Result "1-0"]
[ICCResult "Black forfeits on time"]
[WhiteElo "1560"]
[BlackElo "1357"]
[Opening "Queen's pawn game"]
[ECO "D02"]
[NIC "QP.08"]
[Time "15:32:06"]
[PlyCount "43"]
[TimeControl "2400+10"]

1. d4 d5 2. Nf3 Bf5 3. c4 c6 4. Nc3 Nf6 5. g3 e6 6. Bg2 Bb4 7. O-O Qc7 8.
Bf4 Qe7 9. cxd5 cxd5 10. Nb5 Na6 11. a3 Ba5 12. Qa4 O-O 13. Qxa5 Rfd8 14.
Rac1 Ne8 15. h4 h6 16. Nc7 Naxc7 17. Bxc7 Nxc7 18. Rxc7 Qf6 19. Ne5 b6 20.
Qa6 Bg6 21. Rfc1 Kh7 22. Bh3 { Black forfeits on time } 1-0

[Event "ICC tourney 2416 (40 10)"]
[Site "Internet Chess Club"]
[Date "2021.02.28"]
[Round "3"]
[White "THOMAS, MICHAEL G:chesslin"]
[Black "MISRA, PRAGYAN:SoaringHawk24"]
[Result "1-0"]
[ICCResult "Black checkmated"]
[WhiteElo "1788"]
[BlackElo "1441"]
[Opening "Queen's pawn: London system"]
[ECO "A45"]
[NIC "QP.07"]
[Time "15:31:18"]
[PlyCount "137"]
[TimeControl "2400+10"]

1. d4 Nf6 2. Bf4 d5 3. e3 e6 4. Nd2 Nc6 5. Ngf3 Bd6 6. Bg3 O-O 7. c3 Qe7 8.
Ne5 Bxe5 9. dxe5 Nd7 10. f4 f6 11. Nf3 fxe5 12. fxe5 b6 13. Qa4 Bb7 14. Bb5
Qc5 15. Nd4 Ndxe5 16. O-O-O a6 17. Bxc6 Nxc6 18. Kb1 Nxd4 19. exd4 Qe7 20.
Rd3 Rac8 21. Qb3 Qg5 22. Re1 Qg6 23. Qc2 a5 24. Be5 Ba6 25. Rg3 Qxc2+ 26.
Kxc2 Rf2+ 27. Kb3 g6 28. a4 Bc4+ 29. Ka3 Rcf8 30. Bxc7 Rf1 31. Rxf1 Rxf1
32. b3 Ba6 33. Bxb6 Ra1+ 34. Kb2 Rh1 35. h3 Rf1 36. Bxa5 Rf2+ 37. Ka3 Bf1
38. Rf3 Rxf3 39. gxf3 Bxh3 40. Bc7 Kf7 41. b4 Ke7 42. b5 Kd7 43. Be5 Kc8
44. Bg7 Bg2 45. f4 h5 46. Bf6 Kb7 47. Kb4 Bf1 48. Kc5 Kc7 49. Bh4 Bd3 50.
Bg3 Kb7 51. a5 Bc4 52. b6 Bd3 53. Bh4 Bc4 54. Kd6 Ba6 55. Bg3 Bd3 56. Kxe6
Bc4 57. Kd6 Bb3 58. Bh4 Ba2 59. Bf6 Bb3 60. Bd8 Ba2 61. a6+ Kxa6 62. Kc7 g5
63. Bxg5 h4 64. Bxh4 Bc4 65. b7 Bb5 66. b8=Q Bc6 67. Kxc6 Ka5 68. Qb4+ Ka6
69. Qa4# { Black checkmated } 1-0